MLB
PHILADELPHIA PHILLIES @ COLORADO ROCKIES
10/19/2080
 
TOP OF THE 1ST
Philadelphia Phillies batting - Pitching for Colorado Rockies : LHP Tyler Woodford
Pitching: LHP Tyler Woodford
Batting: RHB Bob Leatherwood 0-0: Called Strike
0-1: Swinging Strike
0-2: Strikes out swinging
Batting: RHB Ricardo Flores 0-0: Called Strike
0-1: DOUBLE (Line Drive, 89D, EV 98.8 MPH)
Batting: RHB Jim Richard 0-0: Called Strike
0-1: Ground out 4-3 (Groundball, 4M, EV 80.6 MPH)
Ricardo Flores to third
Batting: RHB Jason Dean 0-0: Foul Ball, location: 2F
0-1: Ball
1-1: Called Strike
1-2: Strikes out swinging
Top of the 1st over - 0 runs, 1 hit, 0 errors, 1 left on base; Philadelphia 0 - Colorado 0
BOTTOM OF THE 1ST
Colorado Rockies batting - Pitching for Philadelphia Phillies : LHP Gabe Fay
Pitching: LHP Gabe Fay
Batting: RHB Armando Munoz 0-0: Foul Ball, location: 2F
0-1: Called Strike
0-2: SINGLE (Groundball, 56S, EV 66.2 MPH) (infield hit)
Batting: RHB Matt Schulten 0-0: Ball
1-0: Foul Ball, location: 2F
1-1: Foul Ball, location: 2F
1-2: Strikes out swinging
Batting: LHB Juan Valentin 0-0: Foul Ball, location: 2F
0-1: Foul Ball, location: 2F
0-2: Strikes out swinging
Batting: RHB Chris Molina 0-0: Ball
1-0: Ball
2-0: Called Strike
2-1: Foul Ball, location: 2F
2-2: Fly out, F8 (Line Drive, 8RD, EV 96.9 MPH)
Bottom of the 1st over - 0 runs, 1 hit, 0 errors, 1 left on base; Philadelphia 0 - Colorado 0
TOP OF THE 2ND
Philadelphia Phillies batting - Pitching for Colorado Rockies : LHP Tyler Woodford
Batting: RHB Juan Ortiz 0-0: Ball
1-0: Reached on error, E6 (Groundball, 6M, EV 85.0 MPH)
Batting: RHB Vinny McGruder 0-0: Swinging Strike
0-1: Foul Ball, location: 2F
0-2: Ball
1-2: Ground out 6-3 (Groundball, 6, EV 86.9 MPH)
Juan Ortiz to third
Batting: RHB Daniel Crissey 0-0: Ball
1-0: Called Strike
1-1: Ball
2-1: Ball
3-1: DOUBLE (Line Drive, 9LS, EV 110.0 MPH)
Juan Ortiz scores
Batting: RHB Eric Walton 0-0: Ball
1-0: Ball
2-0: Ball
3-0: Base on Balls
Batting: RHB Jose Filomeno 0-0: Swinging Strike
0-1: Ball
1-1: Foul Ball, location: 2F
1-2: Foul Ball, location: 2F
1-2: Ball
2-2: Strikes out swinging
Batting: RHB Bob Leatherwood 0-0: Called Strike
0-1: Ball
1-1: Reached on error, E5 (Groundball, 56S, EV 63.1 MPH)
Daniel Crissey scores
Eric Walton to third
Batting: RHB Ricardo Flores 0-0: Called Strike
0-1: Ball
1-1: Foul Ball, location: 2F
1-2: Ball
2-2: Fly out, F5 (Popup, 5SF, EV 72.5 MPH)
Top of the 2nd over - 2 runs, 1 hit, 2 errors, 2 left on base; Philadelphia 2 - Colorado 0
BOTTOM OF THE 2ND
Colorado Rockies batting - Pitching for Philadelphia Phillies : LHP Gabe Fay
Batting: RHB Jose Marquez 0-0: Ball
1-0: Foul Ball, location: 2F
1-1: Called Strike
1-2: SINGLE (Groundball, 6MD, EV 103.1 MPH)
Batting: RHB Justin Jones 0-0: Called Strike
0-1: Ball
1-1: Ball
2-1: DOUBLE (Line Drive, 78M, EV 103.1 MPH)
Jose Marquez to third
Batting: SHB Andrew Terry 0-0: Called Strike
0-1: Ball
1-1: Swinging Strike
1-2: Ball
2-2: Ball
3-2: Base on Balls
Batting: LHB Jose Pineiro 0-0: Foul Ball, location: 2F
0-1: Fly out, F9 (Flyball, 9, EV 90.6 MPH)
Runner from 3rd tags up, SCORES, throw by RF
Justin Jones to third
Batting: RHB Iñaki Toder 0-0: Swinging Strike
0-1: Swinging Strike
0-2: Ball
Wild Pitch!
Justin Jones scores
Andrew Terry to second
1-2: Ball
2-2: Strikes out swinging
Batting: RHB Armando Munoz 0-0: SINGLE (Groundball, 4MS, EV 66.9 MPH) (infield hit)
Andrew Terry to third
Batting: RHB Matt Schulten 0-0: Ball
1-0: Ball
2-0: Called Strike
2-1: Ball
3-1: Called Strike
3-2: Foul Ball, location: 2F
3-2: Foul Ball, location: 2F
3-2: Ground out 4-3 (Groundball, 4M, EV 88.8 MPH)
Bottom of the 2nd over - 2 runs, 3 hits, 0 errors, 2 left on base; Philadelphia 2 - Colorado 2
TOP OF THE 3RD
Philadelphia Phillies batting - Pitching for Colorado Rockies : LHP Tyler Woodford
Batting: RHB Jim Richard 0-0: Ball
1-0: SINGLE (Groundball, 6MD, EV 96.9 MPH)
Pitching: RHP Chris Budler
Batting: RHB Jason Dean 0-0: Grounds into double play, 6-4-3 (Groundball, 6, EV 98.8 MPH)
Batting: RHB Juan Ortiz 0-0: Ball
1-0: Swinging Strike
1-1: Ball
2-1: Called Strike
2-2: Fly out, F8 (Line Drive, 8LD, EV 91.2 MPH)
Top of the 3rd over - 0 runs, 1 hit, 0 errors, 0 left on base; Philadelphia 2 - Colorado 2
BOTTOM OF THE 3RD
Colorado Rockies batting - Pitching for Philadelphia Phillies : LHP Gabe Fay
Batting: LHB Juan Valentin 0-0: Fly out, F9 (Flyball, 9, EV 92.5 MPH)
Batting: RHB Chris Molina 0-0: Foul Ball, location: 2F
0-1: Swinging Strike
0-2: Ball
1-2: Ball
2-2: Ball
3-2: Fly out, F7 (Line Drive, 78M, EV 95.6 MPH)
Batting: RHB Jose Marquez 0-0: Foul Ball, location: 2F
0-1: Called Strike
0-2: SINGLE (Flyball, 34D, EV 96.9 MPH)
Batting: RHB Justin Jones 0-0: DOUBLE (Flyball, 78XD, EV 100.0 MPH)
Jose Marquez to third
Runner from 3rd tries for Home, SAFE, throw by LF to trailing runner, SAFE at third!
Batting: SHB Andrew Terry 0-0: Ball
1-0: Ball
2-0: Foul Ball, location: 2F
2-1: Ball
3-1: Base on Balls
Batting: LHB Jose Pineiro 0-0: Called Strike
0-1: Swinging Strike
0-2: SINGLE (Groundball, 6MS, EV 99.4 MPH)
Justin Jones scores
Andrew Terry to second
Runner from 2nd tries for 3rd, SAFE, throw by CF made to third
Jose Pineiro to second
Batting: RHB Iñaki Toder 0-0: Foul Ball, location: 2F
0-1: Ball
1-1: Fly out, F8 (Flyball, 8RD, EV 100.6 MPH)
Bottom of the 3rd over - 2 runs, 3 hits, 0 errors, 2 left on base; Philadelphia 2 - Colorado 4
TOP OF THE 4TH
Philadelphia Phillies batting - Pitching for Colorado Rockies : RHP Chris Budler
Batting: RHB Vinny McGruder 0-0: Foul Ball, location: 2F
0-1: Ground out 4-3 (Groundball, 4, EV 89.4 MPH)
Batting: RHB Daniel Crissey 0-0: Ball
1-0: Foul Ball, location: 2F
1-1: Ball
2-1: Called Strike
2-2: Strikes out swinging
Batting: RHB Eric Walton 0-0: Ball
1-0: Ground out 4-3 (Groundball, 4MD, EV 101.2 MPH)
Top of the 4th over - 0 runs, 0 hits, 0 errors, 0 left on base; Philadelphia 2 - Colorado 4
BOTTOM OF THE 4TH
Colorado Rockies batting - Pitching for Philadelphia Phillies : LHP Gabe Fay
Batting: RHB Armando Munoz 0-0: Ball
1-0: Ball
2-0: DOUBLE (Line Drive, 78D, EV 104.4 MPH)
Batting: RHB Matt Schulten 0-0: Ball
1-0: Ball
2-0: Ball
3-0: Called Strike
3-1: Called Strike
3-2: Fly out, F7 (Flyball, 7LM, EV 108.8 MPH)
Runner from 2nd tags up, SAFE at 3rd with throw by LF
Batting: LHB Juan Valentin 0-0: Ball
1-0: SINGLE (Groundball, 6MD, EV 99.4 MPH)
Armando Munoz scores
Batting: RHB Chris Molina 0-0: Hit by Pitch
Juan Valentin to second
Batting: RHB Jose Marquez 0-0: Ball
1-0: Fielders Choice at 3rd, U5 (Groundball, 5L, EV 83.1 MPH)
Chris Molina to second
Batting: RHB Justin Jones 0-0: Foul Ball, location: 2F
0-1: Called Strike
0-2: Foul Ball, location: 2F
0-2: Foul Ball, location: 2F
0-2: Ball
1-2: Strikes out swinging
Bottom of the 4th over - 1 run, 2 hits, 0 errors, 2 left on base; Philadelphia 2 - Colorado 5
TOP OF THE 5TH
Philadelphia Phillies batting - Pitching for Colorado Rockies : RHP Chris Budler
Batting: RHB Jose Filomeno 0-0: Ball
1-0: Fly out, F7 (Flyball, 78S, EV 78.1 MPH)
Batting: RHB Bob Leatherwood 0-0: Called Strike
0-1: SINGLE (Line Drive, 7S, EV 103.1 MPH)
Batting: RHB Ricardo Flores 0-0: Swinging Strike
0-1: Called Strike
0-2: Strikes out swinging
Batting: RHB Jim Richard 0-0: SINGLE (Groundball, 6MS, EV 96.9 MPH)
Bob Leatherwood to second
Runner from 2nd tries for 3rd, SAFE, throw by CF made to third
Batting: RHB Jason Dean 0-0: Foul Ball, location: 2F
0-1: Ball
1-1: Called Strike
1-2: DOUBLE (Line Drive, 78D, EV 111.2 MPH)
Bob Leatherwood scores
Jim Richard to third
Batting: RHB Juan Ortiz 0-0: Foul Ball, location: 2F
0-1: Swinging Strike
0-2: Strikes out swinging
Top of the 5th over - 1 run, 3 hits, 0 errors, 2 left on base; Philadelphia 3 - Colorado 5
BOTTOM OF THE 5TH
Colorado Rockies batting - Pitching for Philadelphia Phillies : LHP Gabe Fay
Batting: SHB Andrew Terry 0-0: Called Strike
0-1: Fly out, F9 (Flyball, 9D, EV 100.0 MPH)
Batting: LHB Jose Pineiro 0-0: Called Strike
0-1: Foul Ball, location: 2F
0-2: Fly out, F7 (Flyball, 7D, EV 104.4 MPH)
Batting: RHB Iñaki Toder 0-0: Reached on error, E6 (Groundball, 6, EV 83.8 MPH)
Batting: RHB Armando Munoz 0-0: SINGLE (Flyball, 89S, EV 85.0 MPH)
Iñaki Toder to third
Runner from 3rd tries for Home, SAFE, throw by RF to home
Armando Munoz to second
Pitching: RHP Manny Ramirez
Batting: RHB Matt Schulten 0-0: Ball
1-0: Swinging Strike
1-1: Ball
2-1: Fly out, F9 (Flyball, 9LM, EV 96.2 MPH)
Bottom of the 5th over - 1 run, 1 hit, 1 error, 1 left on base; Philadelphia 3 - Colorado 6
TOP OF THE 6TH
Philadelphia Phillies batting - Pitching for Colorado Rockies : RHP Chris Budler
Batting: RHB Vinny McGruder 0-0: Ball
1-0: Called Strike
1-1: Swinging Strike
1-2: Strikes out swinging
Batting: RHB Daniel Crissey 0-0: Ball
1-0: Called Strike
1-1: Fly out, F7 (Flyball, 7LSF, EV 89.4 MPH)
Batting: RHB Eric Walton 0-0: Ball
1-0: Swinging Strike
1-1: Ball
2-1: Called Strike
2-2: Ground out 6-3 (Groundball, 6, EV 109.4 MPH)
Top of the 6th over - 0 runs, 0 hits, 0 errors, 0 left on base; Philadelphia 3 - Colorado 6
BOTTOM OF THE 6TH
Colorado Rockies batting - Pitching for Philadelphia Phillies : RHP Manny Ramirez
Batting: LHB Juan Valentin 0-0: Ball
1-0: Called Strike
1-1: Foul Ball, location: 2F
1-2: Ball
2-2: SINGLE (Groundball, 34S, EV 70.6 MPH) (infield hit)
Batting: RHB Chris Molina 0-0: Called Strike
0-1: Foul Ball, location: 2F
0-2: Ball
1-2: Ball
2-2: Foul Ball, location: 2F
2-2: Foul Ball, location: 2F
2-2: SINGLE (Line Drive, 78S, EV 90.6 MPH)
Juan Valentin to second
Batting: RHB Jose Marquez 0-0: Foul Ball, location: 2F
0-1: Ball
1-1: Swinging Strike
1-2: 3-RUN HOME RUN (Flyball, 7LD, EV 100.6 MPH), Distance : 369 ft
Pitching: LHP Mark Patterson
Batting: RHB Justin Jones 0-0: Ball
1-0: Ball
2-0: Ball
3-0: Called Strike
3-1: Foul Ball, location: 2F
3-2: Foul Ball, location: 2F
3-2: Foul Ball, location: 2F
3-2: Foul Ball, location: 2F
3-2: Foul Ball, location: 2F
3-2: Base on Balls
Batting: SHB Andrew Terry 0-0: Called Strike
0-1: Foul Ball, location: 2F
0-2: Ball
1-2: Strikes out swinging
Batting: LHB Jose Pineiro 0-0: Ball
1-0: Swinging Strike
1-1: Ball
2-1: Ball
3-1: Called Strike
3-2: DOUBLE (Line Drive, 89D, EV 108.1 MPH)
Justin Jones to third
Batting: RHB Iñaki Toder 0-0: Ball
1-0: Ball
2-0: Fly out, F9 (Flyball, 9, EV 90.6 MPH)
Runner from 3rd tags up, OUT at HOME! 9-2
Bottom of the 6th over - 3 runs, 4 hits, 0 errors, 1 left on base; Philadelphia 3 - Colorado 9
TOP OF THE 7TH
Philadelphia Phillies batting - Pitching for Colorado Rockies : RHP Chris Budler
Batting: RHB Jose Filomeno 0-0: Ball
1-0: SINGLE (Flyball, 5D, EV 97.5 MPH)
Pitching: RHP Carlos Flores
Batting: RHB Bob Leatherwood 0-0: Foul Ball, location: 2F
0-1: Foul Ball, location: 2F
0-2: Ball
1-2: Strikes out swinging
Batting: RHB Ricardo Flores 0-0: Grounds into double play, 4-6-3 (Groundball, 4, EV 78.1 MPH)
Top of the 7th over - 0 runs, 1 hit, 0 errors, 0 left on base; Philadelphia 3 - Colorado 9
BOTTOM OF THE 7TH
Colorado Rockies batting - Pitching for Philadelphia Phillies : LHP Mark Patterson
Batting: RHB Armando Munoz 0-0: Ball
1-0: Foul Ball, location: 2F
1-1: Ball
2-1: Ball
3-1: Foul Ball, location: 2F
3-2: Base on Balls
Batting: RHB Matt Schulten 0-0: Fly out, F8 (Flyball, 8LD, EV 106.2 MPH)
Batting: LHB Juan Valentin 0-0: Fielders Choice at 2nd, 1-6 (Groundball, 34S, EV 72.5 MPH)
Batting: RHB Chris Molina 0-0: Ball
1-0: Swinging Strike
1-1: Foul Ball, location: 2F
1-2: Ball
2-2: Fly out, F4 (Flyball, 4MD, EV 86.9 MPH)
Bottom of the 7th over - 0 runs, 0 hits, 0 errors, 1 left on base; Philadelphia 3 - Colorado 9
TOP OF THE 8TH
Philadelphia Phillies batting - Pitching for Colorado Rockies : RHP Carlos Flores
Batting: RHB Jim Richard 0-0: Ball
1-0: Ball
2-0: Ball
3-0: Called Strike
3-1: Ground out 4-3 (Groundball, 4, EV 105.0 MPH)
Batting: RHB Jason Dean 0-0: Called Strike
0-1: Foul Ball, location: 2F
0-2: Foul Ball, location: 2F
0-2: Ball
1-2: Strikes out swinging
Batting: RHB Juan Ortiz 0-0: Called Strike
0-1: Called Strike
0-2: Foul Ball, location: 2F
0-2: Strikes out looking
Top of the 8th over - 0 runs, 0 hits, 0 errors, 0 left on base; Philadelphia 3 - Colorado 9
BOTTOM OF THE 8TH
Colorado Rockies batting - Pitching for Philadelphia Phillies : LHP Mark Patterson
Batting: RHB Jose Marquez 0-0: Ball
1-0: Ball
2-0: Called Strike
2-1: Called Strike
2-2: Strikes out swinging
Pitching: RHP Chris Harris
Batting: RHB Justin Jones 0-0: Ball
1-0: Ball
2-0: Ball
3-0: Base on Balls
Batting: SHB Andrew Terry 0-0: Called Strike
Justin Jones is caught stealing 2nd base 2-6
0-1: Ball
1-1: Ground out U3 (Groundball, 34S, EV 91.2 MPH)
Bottom of the 8th over - 0 runs, 0 hits, 0 errors, 0 left on base; Philadelphia 3 - Colorado 9
TOP OF THE 9TH
Philadelphia Phillies batting - Pitching for Colorado Rockies : RHP Carlos Flores
Batting: RHB Vinny McGruder 0-0: Called Strike
0-1: Foul Ball, location: 2F
0-2: Strikes out swinging
Batting: RHB Daniel Crissey 0-0: Ground out U3 (Groundball, 34, EV 106.2 MPH)
Batting: RHB Eric Walton 0-0: Ball
1-0: Swinging Strike
1-1: Fly out, F5 (Popup, 5F, EV 80.0 MPH)
Top of the 9th over - 0 runs, 0 hits, 0 errors, 0 left on base; Philadelphia 3 - Colorado 9
Tuesday, August 2nd , 2022 - OOTP Baseball 23.5 Build 73